 Dungeon Crawl Stone Soup version 0.31-a0-221-gbddc013574 (webtiles) character file.

Game seed: 14463527496044140670

75 qw the Shooter (level 4, -1/26 HPs)
             Began as a Gargoyle Hexslinger on July 4, 2023.
             Slain by Terence
             ... wielding a +0 short sword
              (3 damage)
             ... on level 2 of the Dungeon.
             The game lasted 00:00:43 (1815 turns).

qw the Shooter (Gargoyle Hexslinger)                Turns: 1815, Time: 00:00:44

Health: -1/26      AC:  8    Str: 11    XL:     4   Next: 31%
Magic:  5/5        EV: 10    Int: 14    God:
Gold:   84         SH:  0    Dex: 14    Spells: 4/5 levels left

rFire   . . .        Y - +1 sling
rCold   . . .        (no shield)
rNeg    + . .        f - +0 ring mail
rPois   inf          (no helmet)
rElec   +            (no cloak)
rCorr   .            (no gloves)
SInv    .            (no boots)
Will    .....        (no amulet)
Stlth   +            (no ring)
HPRegen 0.24/turn    (no ring)
MPRegen 0.09/turn

%: no passive effects
@: no status effects
A: sickness immunity, AC +3, negative energy resistance 1, electricity
resistance, torment resistance 1, petrification resistance
a: no special abilities


You were on level 2 of the Dungeon.
You visited 1 branch of the dungeon, and saw 2 of its levels.

You collected 84 gold pieces.


Innate Abilities, Weirdness & Mutations

You are immune to sickness and miasma.
Your stone body is resilient. (AC +3)
You are immune to poison.
You resist negative energy. (rN+)
You are resistant to electric shocks. (rElec)
You are resistant to unholy torment.
You are immune to petrification.


   Skills:
 - Level 2.2 Fighting
 - Level 4.0 Ranged Weapons
 + Level 0.2 Armour
 - Level 1.5 Dodging
 - Level 1.0 Spellcasting
 - Level 2.6 Hexes


You had 4 spell levels left.
You knew the following spells:

 Your Spells              Type           Power      Damage    Failure   Level
a - Slow                  Hex            32%        N/A       22%         1

Your spell library contained the following spells:

 Spells                   Type           Power      Damage    Failure   Level
 Inner Flame              Hex/Fire       4%         N/A       73%         3
 Portal Projectile        Hex/Tloc       8%         N/A       73%         3
 Cause Fear               Hex            4%         N/A       91%         4

Inventory:

Hand Weapons
 Y - a +1 sling (weapon)
Armour
 c - a +0 pair of boots
 f - a +0 ring mail (worn)
Jewellery
 b - an amulet of faith
Scrolls
 a - a scroll of identify
Potions
 g - a potion of magic {unknown}
 i - a potion of curing

Dungeon Overview and Level Annotations

Branches:
Dungeon (2/15)

Altars:

Annotations:
D:2 Terence


Message History

The sling bullet closely misses Terence.
Terence closely misses you.
You shoot a sling bullet. The sling bullet barely misses Terence.
Terence barely misses you.
You shoot a sling bullet.
The sling bullet closely misses Terence.
Terence closely misses you. Terence hits you with a +0 short sword.
You shoot a sling bullet. The sling bullet hits Terence.
Terence is almost dead.
Terence hits you with a +0 short sword.
You shoot a sling bullet.
The sling bullet hits Terence but does no damage.
Terence is almost dead.
Terence closely misses you.
You shoot a sling bullet. The sling bullet hits Terence.
Terence is almost dead.
Terence hits you with a +0 short sword. x2
You shoot a sling bullet.
The sling bullet hits Terence but does no damage.
Terence is almost dead.
Terence hits you with a +0 short sword.
You shoot a sling bullet.
The sling bullet hits Terence but does no damage.
Terence is almost dead.
Terence closely misses you.
You shoot a sling bullet.
The sling bullet hits Terence but does no damage.
Terence is almost dead.
Terence hits you with a +0 short sword. Terence says, "How do you enjoy it?"
Terence hits you but does no damage.
You shoot a sling bullet.
The sling bullet hits Terence but does no damage.
Terence is almost dead.
Terence hits you with a +0 short sword.
You shoot a sling bullet.
The sling bullet hits Terence but does no damage.
Terence is almost dead.
Terence hits you with a +0 short sword.
You die...

#.# #.# #.......... #.#
#.####.##.###... #.#
#...##.......... #.#
###.#...........
####.###########.#...........
#.............##.#...........
##.#.####...#.##.#...........
#.#.# #......#.#........... #
#.# #...@.##.#........... #[#
####@.##.#######..... #.#
#..##.......#..... ...
.(.########.#..... #.. ....
#.#.#..... ...).. #.#.###.##
.##.#.# #...# #... #. ####
#.### #### #..## #


You could see Terence.

Vanquished Creatures
  2 adders (D:2)
  A gnoll (D:1)
  A worm (D:2)
  3 ball pythons (D:1)
  2 bats (D:1)
  4 endoplasms
  A giant cockroach (D:1)
  3 goblins
  5 hobgoblins (D:1)
  6 jackals
  4 kobolds (D:1)
  2 quokkas
  A frilled lizard (D:1)
  3 rats
38 creatures vanquished.

Notes
Turn   | Place    | Note
-------+----------+-------------------------------------------
     0 | D:1      | qw the Gargoyle Hexslinger began the quest for the Orb.
     0 | D:1      | Reached XP level 1. HP: 12/12 MP: 2/2
     0 | D:1      | 0 ||| qw: Version: 0.3-a-41-g9d075ac
     0 | D:1      | 0 ||| qw: Game counter: 735
     0 | D:1      | 0 ||| qw: Melee chars always use a shield: true
     0 | D:1      | 0 ||| qw: God list: Okawaru
     0 | D:1      | 0 ||| qw: Allow faded altars: false
     0 | D:1      | 0 ||| qw: Do Orc after clearing Dungeon:15 true
     0 | D:1      | 0 ||| qw: Do second Lair branch before Depths: true
     0 | D:1      | 0 ||| qw: Lair rune preference: random
     0 | D:1      | 0 ||| qw: Goals: Normal
     0 | D:1      | 0 ||| PLANNING D:1-11
    58 | D:1      | Reached XP level 2. HP: 15/16 MP: 3/3
   137 | D:1      | Reached skill level 3 in Ranged Weapons
   244 | D:1      | Reached XP level 3. HP: 21/21 MP: 4/4
   740 | D:1      | 740 ||| UPGRADING to +0 ring mail.
   750 | D:1      | 750 ||| DROPPING +0 robe.
   751 | D:1      | 751 ||| READING 2 scrolls labelled MESTRO UL XOI.
   752 | D:1      | 752 ||| READING scroll labelled SAUVOTZ ZOIL.
   753 | D:1      | 753 ||| READING 3 scrolls labelled ITEDGH QUATTATS.
   754 | D:1      | 754 ||| DROPPING scroll of poison.
   755 | D:1      | 755 ||| DROPPING 2 scrolls of revelation.
   952 | D:2      | 952 ||| READING scroll labelled LUCLADE CUZU.
   953 | D:2      | 953 ||| READING scroll labelled MIKIUD FAITI.
   980 | D:2      | Reached XP level 4. HP: 17/26 MP: 5/5
  1266 | D:2      | Reached skill level 4 in Ranged Weapons
  1788 | D:2      | Noticed Terence
  1810 | D:2      | HP: 6/26 [Terence/+0 short sword (5)]
  1814 | D:2      | HP: 1/26 [Terence/+0 short sword (4)]
  1815 | D:2      | Slain by Terence

Levels and vault maps discovered:
D:1:      minmay_arrival_open_corners, layout_basic,
          chequers_serial_rivers_micro_e
D:2:      layout_basic, serial_co_window_serial, co_window_paths_a,
          co_window_paths_a, co_window_paths_b, co_window_paths_a,
          co_window_paths_a, co_window_corner_ca, co_window_unsneaky_path_a,
          co_window_2corner, co_window_unsneaky_path_d, co_window_cross_3,
          co_window_cross_4, glass_columns_a, glass_columns_a, glass_columns_b,
          uniq_terence

Skill      XL: |  1  2  3  4 |
---------------+-------------+-----
Ranged Weapons | 3 4 |  4.0
Fighting       | 2 |  2.2
Armour         | |  0.2
Dodging        | |  1.5
Spellcasting   | |  1.0
Hexes          | |  2.6

Action                     |  1- 3 |  4- 6 || total
---------------------------+-------+-------++-------
   Fire: Sling             |   112 |    55 ||   167
    Use: Scroll            |     5 |       ||     5
 Armour: Robe              |     9 |       ||     9
         Ring mail         |    22 |    11 ||    33
  Dodge: Dodged            |    52 |    22 ||    74

Table legend:
 A = Non-vault XP
 B = Vault XP
 C = Vault XP percentage of total XP
 D = Non-vault monster count
 E = Vault monster count
 F = Vault count percentage of total count
                 A         B        C        D         E       F
            +---------+---------+-------+---------+---------+-------
      Total |     108 |       0 |   0.0 |      38 |       0 |   0.0
            +---------+---------+-------+---------+---------+-------
        D:1 |      59 |       0 |   0.0 |      26 |       0 |   0.0
        D:2 |      49 |       0 |   0.0 |      12 |       0 |   0.0
            +---------+---------+-------+---------+---------+-------
